 Seeded DCSS version 0.29-a0-887-gcbe080d7e0 (webtiles) character file.

Game seed: 10600342109953812494 (custom seed)

238 flotson the Sneak (level 5, -2/42 HPs)
             Began as a Demonspawn Delver on July 22, 2022.
             Slain by Eustachio
             ... wielding a +0 rapier
              (6 damage)
             ... on level 4 of the Dungeon.
             The game lasted 00:06:35 (3562 turns).

flotson the Sneak (Demonspawn Delver)               Turns: 3562, Time: 00:06:36

Health: -2/42      AC:  8    Str: 17      XL:     5   Next: 78%
Magic:  5/5        EV: 11    Int: 18      God:
Gold:   222        SH:  0    Dex: 12 (14) Spells: 4/4 levels left

rFire   . . .      SeeInvis +   m - +2 hand axe of the Hugging Gods {freeze, rN+ Str+3}
rCold   . . .      Faith    .   (no shield)
rNeg    + + .      Spirit   .   j - +0 ring mail
rPois   .          Reflect  .   (helmet restricted)
rElec   .          Harm     .   (no cloak)
rCorr   .          Rampage  .   (no gloves)
Will    .....                   (no boots)
Stlth   ++........              (no amulet)
HPRegen 0.14/turn               k - ring "Cugat" {+Blink rN+ Int+6}
MPRegen 0.09/turn               u - ring of see invisible

@: hasted, very quick
A: horns 1, thin metallic scales 2
a: Evoke Blink


You were on level 4 of the Dungeon.
You visited 1 branch of the dungeon, and saw 5 of its levels.

You collected 222 gold pieces.

Inventory:

Hand Weapons
 m - the +2 hand axe of the Hugging Gods (weapon) {freeze, rN+ Str+3}
   (You found it on level 2 of the Dungeon)

   It freezes those it strikes, dealing additional cold damage.
   It can also slow down cold-blooded creatures.
   Str:       It affects your strength (+3).
   rN:        It protects you from negative energy.
Missiles
 q - 2 silver javelins (quivered)
Armour
 j - a +0 ring mail (worn)
Jewellery
 h - a ring of fire
 k - the ring "Cugat" (left hand) {+Blink rN+ Int+6}
   (You found it on level 2 of the Dungeon)

   [ring of intelligence]

   Int:       It affects your intelligence (+6).
   rN:        It protects you from negative energy.
   +Blink:    It lets you blink.
 u - a ring of see invisible (right hand)
Wands
 g - a wand of digging (10)
Scrolls
 b - 3 scrolls of identify {unknown}
 c - a scroll of fog
 d - 2 scrolls of magic mapping
 e - a scroll of fear
 l - a scroll of enchant weapon {unknown}
 o - a scroll of teleportation {unknown}
 p - a scroll of amnesia {unknown}
 r - 2 scrolls of enchant armour {unknown}
Potions
 a - a potion of berserk rage {unknown}
 i - a potion of curing
 n - a potion of ambrosia
 t - 2 potions of heal wounds {unknown}


   Skills:
 + Level 3.9 Fighting
 + Level 2.0(2.3) Axes
 - Level 1.7(2.2) Polearms
 + Level 0.5 Throwing
 + Level 2.0 Armour
 + Level 2.9 Dodging
 - Level 4.5 Stealth
 + Level 2.3 Evocations


You had 4 spell levels left.
You didn't know any spells.
Your spell library contained the following spells:

 Spells                   Type           Power      Damage    Failure   Level
 Ensorcelled Hibernation  Hex/Ice        0%         N/A       52%         2
 Passwall                 Tmut/Erth      0%         N/A       52%         2
 Sublimation of Blood     Necr           0%         N/A       52%         2
 Swiftness                Air            0%         N/A       75%         3
 Petrify                  Tmut/Erth      0%         N/A       98%         4
 Irradiate                Conj/Tmut      0%         3d11      100%        5
 Dispersal                Tloc           0%         N/A       100%        6
 Disjunction              Tloc           0%         N/A       100%        8


Dungeon Overview and Level Annotations

Branches:
Dungeon (5/15)
 Temple: D:4-7

Altars:
Gozag

Shops:
D:4 *[:

Annotations:
D:4 Eustachio


Innate Abilities, Weirdness & Mutations

You have a pair of small horns on your head.
You are mostly covered in thin metallic scales. (AC +3)


Message History

The quasit closely misses you. The quasit claws you.
* * * LOW HITPOINT WARNING * * *
The quasit misses you. Eustachio hits you with a +0 rapier.
* * * LOW HITPOINT WARNING * * *
The quasit barely misses you. The quasit closely misses you.
The quasit claws you but does no damage.
You hit Eustachio. You freeze Eustachio.
Eustachio is almost dead.
You barely miss the quasit. The quasit bites you.
* * * LOW HITPOINT WARNING * * *
You feel clumsy.
The quasit claws you but does no damage.
The quasit barely misses you. Eustachio closely misses you.
The crimson imp blinks!
You feel better. The quasit closely misses you.
The quasit claws you but does no damage.
The quasit completely misses you. Eustachio hits you with a +0 rapier.
The quasit barely misses you. x2; The quasit claws you.
* * * LOW HITPOINT WARNING * * *
Unknown command.
You feel yourself speed up.
Eustachio mumbles some strange words.
The quasit misses you. The quasit barely misses you. The quasit misses you.
The crimson imp blinks!
You closely miss Eustachio.
Eustachio is almost dead.
You barely miss the quasit. You barely miss the white imp.
You hit the shadow imp but do no damage.
The quasit disappears in a puff of smoke!
Eustachio hits you with a +0 rapier.
* * * LOW HITPOINT WARNING * * *
The crimson imp blinks!
You closely miss Eustachio. Your headbutt misses Eustachio.
Eustachio is almost dead.
You closely miss the white imp. You hit the shadow imp.
The crimson imp disappears in a puff of smoke!
The white imp closely misses you. The shadow imp hits you.
* * * LOW HITPOINT WARNING * * *
Eustachio hits you with a +0 rapier.
You die...

# #................#.............
# #......§...........##..........
# #..#............####.........
#..#..........#.###....#..... ..
...................#......
#........##.##...##.....
......#.....##...#......
..§...§5.........#......
..(..5@@........##.....#
.......5........##...... ..#
.....................### ...
....§................#.# #.##
.#....................## ...#
.........................#
..#.###..................)#......
..##.... ..........#......##.....
......##..........#.....##....#..


You could see Eustachio, a white imp (summoned) and 2 shadow imps.

Vanquished Creatures
  A howler monkey (D:3)
  Robin (D:1)
  8 gnolls
  2 adders
  2 worms
  2 dart slugs
  3 orcs
  7 ball pythons
  6 endoplasms
  4 giant cockroaches
  15 goblins
  8 hobgoblins
  2 jackals (D:1)
  2 quokkas
  3 bats
  A frilled lizard (D:1)
  9 kobolds
  5 rats
81 creatures vanquished.

Vanquished Creatures (others)
  2 plants (D:1)
2 creatures vanquished.

Grand Total: 83 creatures vanquished

Notes
Turn   | Place    | Note
-------+----------+-------------------------------------------
     0 | D:5      | flotson the Demonspawn Delver began the quest for the Orb.
     0 | D:5      | Reached XP level 1. HP: 18/18 MP: 1/1
    24 | D:4      | Noticed Eustachio
    33 | D:3      | Noticed a howler monkey
    54 | D:3      | Killed a howler monkey
    55 | D:3      | Reached skill level 1 in Axes
    55 | D:3      | Reached skill level 1 in Armour
    55 | D:3      | Reached skill level 1 in Evocations
    55 | D:3      | Gained mutation: You are partially covered in thin metallic
                  | scales. (AC +2) [demonic ancestry]
    55 | D:3      | Reached XP level 2. HP: 17/24 MP: 2/2
    55 | D:3      | Reached XP level 3. HP: 21/29 MP: 3/3
   463 | D:2      | Identified the ring "Cugat" {+Blink rN+ Int+6}
   497 | D:2      | Identified the +2 hand axe of the Hugging Gods {freeze, rN+
                  | Str+3}
   677 | D:1      | Gained mutation: You have a pair of small horns on your
                  | head. [demonic ancestry]
   677 | D:1      | Reached XP level 4. HP: 29/35 MP: 4/4
   991 | D:1      | Found a faded altar of an unknown god.
  1322 | D:2      | Noticed Robin
  1376 | D:1      | Killed Robin
  1782 | D:2      | Gained mutation: You are mostly covered in thin metallic
                  | scales. (AC +3) [demonic ancestry]
  1782 | D:2      | Reached XP level 5. HP: 33/42 MP: 5/5
  2460 | D:3      | Found an opulent altar of Gozag.
  3102 | D:4      | Found Cefuteok's General Store.
  3125 | D:4      | Found Xeisiew's Armour Boutique.
  3227 | D:4      | Found Taomauwe's Book Shoppe.
  3562 | D:4      | Slain by Eustachio

Illustrated notes

Levels and vault maps discovered:
D:1:      scummos_arrival_checkerplants, layout_basic,
          dreamdust_ecumenical_altar_statues, serial_bayou_lagoon_a,
          dk_noncrumbling_3
D:2:      layout_rooms, roderic_roman_lattice, st_stairs_10, uniq_robin
D:3:      layout_loops_ring, general_overflow_altar, minmay_strange_pillars
D:4:      layout_layer_cave, serial_shops, shop, shop, nicolae_square_shop,
          uniq_eustachio
D:5:      minmay_chambers_of_fours, layout_loops_ring, grunt_decor_clamped

Skill      XL: |  1  2  3  4  5 |
---------------+----------------+-----
Axes           | 1 2 |  2.0
Armour         | 1 2 |  2.0
Dodging        | 2 |  2.9
Evocations     | 1 2 |  2.3
Fighting       | |  3.9
Polearms       | |  1.7
Throwing       | |  0.5
Stealth        | |  4.5

Action                   |  1- 3 |  4- 6 || total
-------------------------+-------+-------++-------
Melee: Spear             |    36 |       ||    36
       Punch             |     2 |     3 ||     5
       Hand axe          |    28 |   139 ||   167
       Headbutt          |       |    19 ||    19
Throw: Javelin           |       |     3 ||     3
  Use: Potion            |       |     3 ||     3
 Stab: Sleeping          |     1 |     2 ||     3
       Distracted        |     1 |       ||     1
Armor: Leather armour    |     5 |       ||     5
       Ring mail         |    16 |    90 ||   106
Dodge: Dodged            |    39 |   124 ||   163

Table legend: (Time is in decaauts)
 A = Elapsed time spent in this place.
 B = Non-inter-level travel time spent in this place.
 C = Inter-level travel time spent in this place.
 D = Time resting spent in this place.
 E = Time spent auto-exploring this place.
 F = Levels seen in this place.
 G = Mean time per level.
                   A        B        C        D        E       F      G
               +--------+--------+--------+--------+--------+-----+--------+
         Total |   3602 |   3511 |     91 |    122 |   2736 |   5 |  720.4 |
       Dungeon |   3602 |   3511 |     91 |    122 |   2736 |   5 |  720.4 |
               +--------+--------+--------+--------+--------+-----+--------+

Top non-repeatable levels by time:
     D:1: 1054 daAuts
     D:3: 998 daAuts
     D:4: 844 daAuts
     D:2: 692 daAuts
     D:5: 12 daAuts
